Map: Ever Dream LE

Players

ScottyBoom

  • Race: Zerg Zerg
  • League: Platinum
  • Spawn Location: 7:00

Massa - Winner!

  • Race: Terran Terran
  • League: Gold
  • Spawn Location: 1:00

VOD

Have the link to the VOD?

Description

Time

  • Played on: Aug. 30, 2020, 7:01 a.m.
  • Length: 19:28
Show
View Real Time Build Order
Export as new Build Order

ScottyBoom Zerg 

Build Orders: Hatch First 

Get SALT Encoding   

  12  0:02  Drone  
  13  0:12  Overlord  
  13  0:20  Drone  
  14  0:31  Drone x2  
  16  0:50  Hatchery  
  15  1:04  Spawning Pool  
  15  1:08  Extractor  
  15  1:09  Drone  
  14  1:13  Drone  
  15  1:18  Drone  
  15  1:23  Drone  
  17  1:31  Drone  
  18  1:51  Queen  
  20  1:54  Overlord  
  20  1:57  Zergling x2  
  21  2:02  Queen  
  21  2:08  Metabolic Boost  
  23  2:11  Zergling x2  
  23  2:15  Zergling x2  
  25  2:19  Drone  
  25  2:21  Drone  
  27  2:42  Drone x4  
  31  2:48  Drone x2  
  33  2:52  Queen  
  35  3:25  Overlord  
  35  3:26  Overlord  
  35  3:27  Drone  
  36  3:36  Baneling Nest  
  35  3:43  Queen, Overlord  
  35  3:46  Drone x6  
  43  3:51  Zergling x2  
  44  3:57  Spore Crawler  
  44  4:01  Spore Crawler  
  42  4:03  Zergling x12  
  42  4:04  Zergling x2  
  49  4:24  Hatchery  
  49  4:28  Lair  
  44  4:54  Baneling  
  44  4:55  Baneling x5  
  44  4:56  Zergling x8  
  44  4:57  Zergling x10  
  53  5:11  Overlord x2  
  53  5:19  Extractor  
  52  5:22  Drone x2  
  54  5:37  Drone x2  
  54  5:38  Drone  
  57  5:44  Pneumatized Carapace  
  57  5:45  Overseer  
  57  5:49  Drone x3  
  60  5:53  Drone  
  60  5:54  Drone x6, Roach Warren  
  66  5:58  Queen  
  64  6:27  Extractor  
  64  6:28  Drone x4  
  64  6:29  Drone x5, Extractor  
  73  6:40  Roach x3  
  73  6:42  Roach  
  73  6:43  Roach  
  74  7:16  Overlord x4  
  74  7:21  Baneling x2  
  74  7:22  Baneling x6  
  74  7:23  Baneling  
  74  7:40  Roach x2  
  76  7:48  Zergling x14  
  69  8:23  Roach x9  
  83  8:32  Ravager  
  83  8:33  Ravager x2  
  84  8:36  Zergling x6  
  84  9:03  Zergling x14  
  91  9:20  Hatchery  
  91  9:21  Overlord x3  
  91  9:23  Centrifical Hooks  
  90  9:25  Glial Reconstitution  
  90  9:31  Evolution Chamber  
  90  9:33  Evolution Chamber  
  88  9:39  Zergling x16  
  88  9:40  Zergling x2  
  79  10:01  Zergling x14  
  65  10:25  Zergling x2  
  65  10:26  Zergling x14  
  65  10:28  Baneling x14  
  73  10:34  Zergling x10  
  78  10:52  Overseer x2  
  77  11:13  Zergling x2  
  77  11:14  Zergling x28  
  92  11:19  Extractor  
  92  11:20  Extractor  
  92  11:23  Zerg Melee Weapons Level 1, Zerg Ground Armor Level 1  
  90  11:28  Drone x4  
  90  11:29  Drone x3  
  84  11:48  Roach  
  84  11:49  Roach x9  
  84  11:50  Drone  
  105  12:14  Spire  
  104  12:26  Baneling x3  
  104  12:27  Hatchery, Baneling x3  
  104  12:28  Zergling x28  
  117  12:39  Ravager x2  
  117  12:42  Overlord x6  
  119  13:01  Drone x5  
  119  13:02  Drone  
  119  13:04  Drone x2  
  119  13:05  Drone  
  128  13:16  Baneling  
  128  13:17  Baneling x21  
  128  13:18  Baneling x6  
  128  13:30  Mutalisk x7  
  128  13:31  Mutalisk  
  143  14:09  Mutalisk x6  
  152  14:28  Mutalisk  
  152  14:29  Mutalisk x2  
  158  14:32  Drone x5  
  158  14:33  Drone x5  
  158  14:34  Overlord x6  
  168  14:41  Extractor  
  168  14:44  Extractor  
  166  14:55  Unknown  
  165  15:00  Queen  
  167  15:22  Overseer  
  167  15:23  Overseer x2  
  117  16:30  Zergling x2  
  117  16:31  Zergling x38  
  117  16:32  Zergling x8  
  133  17:07  Spire  
  132  17:18  Ravager  
  132  17:19  Ravager x6  
  139  17:23  Baneling x16  
  139  17:24  Baneling x27  
  139  17:28  Zergling x2  
  139  17:29  Zergling x42  
  161  17:30  Zergling x4  
  107  18:06  Zergling x18  
  107  18:07  Zergling x12  
  95  18:41  Baneling x14  
  92  18:42  Baneling x16  
  92  18:43  Zergling x2  
  92  18:44  Zergling x28  
  98  19:02  Zergling x2  
  93  19:07  Zergling x18  
Show
View Real Time Build Order
Export as new Build Order

Massa Terran - Winner!

Build Orders: 2 Factory 

Get SALT Encoding   

  12  0:01  SCV  
  13  0:13  SCV  
  14  0:22  Supply Depot  
  14  0:25  SCV  
  15  0:30  Refinery  
  15  0:43  SCV  
  15  0:46  Barracks  
  16  0:55  SCV  
  17  1:04  Supply Depot  
  17  1:07  SCV  
  18  1:12  Refinery  
  18  1:19  SCV  
  19  1:33  Orbital Command  
  19  1:34  Reaper  
  20  1:50  Factory  
  20  1:58  SCV  
  21  2:06  Marine  
  22  2:10  SCV  
  23  2:16  Factory  
  23  2:21  Barracks  
  23  2:35  Factory Tech Lab  
  23  2:37  Barracks Reactor  
  23  2:47  Supply Depot  
  23  2:52  Command Center  
  23  3:01  Widow Mine  
  25  3:05  Factory Reactor  
  25  3:20  Marine x2  
  25  3:22  Barracks Tech Lab  
  25  3:23  Widow Mine  
  29  3:33  Armory  
  29  3:38  Marine x2  
  31  3:42  Marine  
  31  3:44  Widow Mine  
  31  3:45  Widow Mine  
  36  3:49  Widow Mine  
  38  3:58  SCV  
  39  4:03  Marine x2  
  41  4:11  SCV  
  41  4:34  SCV  
  41  4:36  Orbital Command  
  42  4:45  Barracks  
  42  4:46  SCV  
  43  4:56  Marine x2  
  43  4:58  SCV, Marauder  
  43  4:59  Stimpack  
  48  5:02  Drilling Claws  
  48  5:08  SCV  
  48  5:10  SCV  
  48  5:13  Marine, Engineering Bay  
  48  5:14  Marine  
  52  5:17  Supply Depot  
  52  5:20  SCV  
  53  5:22  SCV  
  54  5:30  Supply Depot  
  54  5:38  SCV x2  
  54  5:40  Supply Depot  
  54  5:41  Starport, Terran Vehicle Weapons Level 1  
  54  5:42  Widow Mine  
  58  5:45  Barracks Reactor  
  58  5:46  Marine  
  59  5:53  Supply Depot  
  59  6:00  Marauder, Marine  
  62  6:04  Marine  
  62  6:05  Missile Turret  
  62  6:08  Missile Turret  
  63  6:17  Widow Mine  
  65  6:19  Widow Mine  
  67  6:38  Combat Shield  
  65  7:07  Medivac  
  66  7:16  Marauder  
  66  7:17  Marine x4  
  72  7:28  Widow Mine x2  
  76  7:35  Marine x4  
  80  7:37  Medivac  
  80  7:38  Marauder  
  83  7:50  Widow Mine  
  84  7:52  Marine  
  84  7:53  Marine  
  84  7:54  Marine  
  84  7:55  Marine  
  85  7:59  Marauder  
  85  8:10  Marine  
  86  8:13  Marine x3  
  70  8:20  Marauder  
  70  8:34  Widow Mine x2  
  70  8:35  Siege Tank  
  75  8:42  Marauder  
  75  8:46  Refinery  
  75  8:47  Refinery  
  77  8:56  Widow Mine x2  
  77  8:58  Supply Depot  
  77  9:00  Command Center  
  79  9:06  Medivac  
  79  9:07  Siege Tank  
  84  9:13  SCV  
  84  9:14  SCV  
  86  9:25  SCV  
  86  9:26  SCV  
  88  9:32  Command Center  
  88  9:35  Supply Depot  
  88  9:36  Supply Depot  
  88  9:37  SCV  
  88  9:38  SCV  
  89  9:49  SCV  
  89  9:50  SCV  
  77  9:59  Supply Depot  
  74  10:01  Supply Depot  
  74  10:02  SCV x2  
  76  10:21  Marauder  
  76  10:22  Marine x4  
  76  10:23  Planetary Fortress, Supply Depot  
  76  10:25  Supply Depot  
  76  10:27  SCV x2  
  82  10:36  Widow Mine x3  
  82  10:40  Marine x4  
  94  10:43  Barracks, Marauder  
  94  10:54  Terran Vehicle And Ship Armor Level 1  
  94  10:57  Marine, Terran Infantry Weapons Level 1  
  94  10:58  Marine x3  
  94  10:59  Engineering Bay  
  94  11:03  Starport Tech Lab  
  100  11:04  Marauder  
  100  11:09  Refinery, Missile Turret  
  100  11:11  Orbital Command  
  100  11:25  Marauder  
  100  11:27  SCV x3  
  103  11:37  Terran Infantry Armor Level 1  
  103  11:39  SCV  
  106  11:40  SCV x2  
  106  11:43  Armory  
  98  11:47  Marauder  
  98  11:48  SCV  
  98  11:51  SCV  
  98  11:52  SCV x2  
  102  11:59  Barracks Tech Lab  
  102  12:00  SCV  
  102  12:01  Marine x4  
  104  12:03  SCV, Concussive Shells  
  104  12:04  SCV x2  
  104  12:08  Marauder  
  112  12:12  SCV  
  113  12:15  SCV  
  113  12:16  SCV x2  
  113  12:18  Marine  
  113  12:19  Marine x3  
  120  12:24  Raven  
  120  12:25  SCV  
  120  12:27  SCV  
  120  12:28  SCV x2, Command Center  
  120  12:29  Marauder  
  128  12:31  Hellion x2  
  128  12:35  Thor  
  128  12:36  Marine  
  128  12:37  SCV, Marine x3  
  140  12:40  SCV  
  140  12:43  Terran Vehicle Weapons Level 2  
  144  12:45  Infernal Pre-Igniter  
  144  12:48  Terran Vehicle And Ship Armor Level 2  
  144  12:51  Marauder  
  146  12:53  Hellion x2  
  146  12:54  Marine x4  
  146  12:55  Refinery  
  154  13:12  Marauder  
  156  13:13  Command Center  
  156  13:17  Thor  
  162  13:42  Marauder x2, Marine x3  
  162  13:43  Marine  
  170  13:49  Barracks  
  170  13:54  Barracks  
  170  14:00  Marine x4  
  172  14:03  Marauder x2  
  173  14:18  Marine x4  
  176  14:24  Marauder  
  176  14:25  Marauder  
  176  14:28  Planetary Fortress  
  180  14:32  Missile Turret  
  180  14:33  SCV x4  
  180  14:35  Marine  
  180  14:36  Marine x3  
  188  14:40  Planetary Fortress  
  188  14:45  SCV x4, Missile Turret  
  189  14:46  Marauder x2  
  189  14:49  Barracks Reactor, Barracks Tech Lab  
  189  14:51  Missile Turret  
  196  14:53  Marine  
  196  14:54  Terran Infantry Armor Level 2, Terran Infantry Weapons Level 2, Marine x3  
  200  15:06  Missile Turret  
  200  15:10  Smart Servos  
  200  15:12  Missile Turret  
  200  15:26  Missile Turret  
  200  15:28  Command Center  
  200  15:29  Missile Turret  
  200  15:32  Missile Turret  
  198  15:46  Missile Turret  
  196  15:50  Missile Turret  
  196  15:55  Command Center  
  109  16:27  Marauder x3  
  109  16:28  Marine x6  
  109  16:29  Mag-Field Accelerator  
  109  16:31  Thor  
  106  16:34  Hellion x2  
  106  16:37  Medivac  
  112  16:45  Marine  
  112  16:46  Terran Vehicle Weapons Level 3, Marine x5  
  118  16:47  Starport  
  118  16:48  Marauder  
  118  16:49  Terran Vehicle And Ship Armor Level 3, Marauder x2  
  124  16:55  Hellion  
  124  16:56  Hellion, Planetary Fortress  
  124  16:59  Missile Turret  
  128  17:03  Marine  
  128  17:04  Marine x5  
  128  17:07  Medivac  
  136  17:08  Missile Turret  
  136  17:10  Marauder x3  
  136  17:14  Thor  
  148  17:17  Hellion x2  
  148  17:19  Barracks  
  148  17:20  Barracks x2, Missile Turret  
  148  17:21  Barracks, Marine x2  
  148  17:22  Marine x4  
  158  17:26  Factory  
  158  17:27  Refinery  
  158  17:29  Refinery  
  158  17:30  Missile Turret  
  158  17:31  Marauder  
  158  17:32  Marauder x2  
  162  17:37  Medivac  
  162  17:43  Missile Turret  
  149  17:52  Missile Turret  
  149  17:53  Marauder x3  
  149  17:57  Thor  
  130  18:03  Marine, Missile Turret  
  130  18:04  Marine x5  
  126  18:07  Hellion x2, Medivac  
  126  18:13  Missile Turret  
  126  18:14  Marauder x3  
  126  18:15  Barracks Reactor, Barracks Tech Lab x2  
  123  18:21  Marine x3  
  123  18:22  Marine x3, Missile Turret  
  123  18:28  Hellion  
  123  18:29  Hellion  
  125  18:34  Missile Turret  
  125  18:35  Marauder  
  125  18:36  Marauder x2  
  125  18:39  Marine x6  
  125  18:40  Thor  
  142  18:50  Hellion x2  
  140  18:57  Marauder x3, Marine x6  
  129  19:09  Marine x3  
  134  19:15  Missile Turret x2  
  138  19:17  Refinery  
  138  19:20  Refinery  
Tags
 
Add a new tag
Caveats
  • Supply blocks, unpowered buildings, or Contaminate may cause inaccurate times.
  • Supply counts are checked every 10 seconds.